 Dungeon Crawl Stone Soup version 0.26-a0-466-g989023bd0d (webtiles) character file.

Game seed: 10136087171706370529

171 graki42 the Firebug (level 5, -3/28 HPs)
             Began as a Deep Elf Fire Elementalist on Aug 9, 2020.
             Killed by nerve-wracking pain
             ... invoked by a shadow imp
              (7 damage)
             ... on level 3 of the Dungeon.
             The game lasted 00:08:43 (1945 turns).

graki42 the Firebug (Deep Elf Fire Elementalist)    Turns: 1945, Time: 00:08:44

Health: -3/28      AC:  2    Str:  6    XL:     5   Next: 26%
Magic:  0/13       EV: 13    Int: 20    God:
Gold:   140        SH:  0    Dex: 15    Spells: 1/12 levels left

rFire    . . .     SeeInvis .   j - +0 dagger (protect)
rCold    . . .     Faith    .   (no shield)
rNeg     . . .     Spirit   +   a - +0 robe
rPois    .         Reflect  .   (no helmet)
rElec    .         Harm     .   (no cloak)
rCorr    .                      (no gloves)
MR       .....                  (no boots)
Stlth    ++........             l - amulet of guardian spirit
HPRegen  0.09/turn              (no ring)
MPRegen  0.13/turn              (no ring)

@: no status effects
A: no striking features
a: no special abilities


You were on level 3 of the Dungeon.
You visited 1 branch of the dungeon, and saw 3 of its levels.

You collected 140 gold pieces.

Inventory:

Hand Weapons
 j - a +0 dagger of protection (weapon)
Armour
 a - a +0 robe (worn)
Jewellery
 l - an amulet of guardian spirit (around neck)
Wands
 o - a wand of flame (16)
Scrolls
 b - 2 scrolls of teleportation {unknown}
 c - a scroll of enchant weapon {unknown}
 g - a scroll of amnesia {unknown}
 i - 3 scrolls of identify {unknown}
 k - a scroll of magic mapping {unknown}
 m - a scroll of blinking {unknown}
Potions
 d - 2 potions of might {unknown}
 e - a potion of degeneration {unknown}
 f - 2 potions of curing {unknown}
 h - 3 potions of flight {unknown}
 n - a potion of resistance {unknown}


   Skills:
 - Level 3.0 Dodging
 - Level 3.0 Stealth
 + Level 4.1 Spellcasting
 * Level 3.3 Conjurations
 + Level 0.9 Hexes
 + Level 4.5 Fire Magic


You had one spell level left.
You knew the following spells:

 Your Spells              Type           Power        Failure   Level
a - Foxfire               Conj/Fire      ###.         2%          1
b - Conjure Flame         Conj/Fire      ###.....     8%          3
c - Inner Flame           Hex/Fire       ###.....     12%         3
d - Sticky Flame          Conj/Fire      ###.....     26%         4

Your spell library contained the following spells:

 Spells                   Type           Power        Failure   Level
 Fireball                 Conj/Fire      ###.......   56%         5


Dungeon Overview and Level Annotations

Branches:
Dungeon (3/15)

Altars:
Hepliaklqana
Qazlal
Xom
Zin
The Shining One

Annotations:
D:3 1 transporter


Message History

Confirm with . or Enter, or press ? or * to list all spells.
You conjure some foxfire!
The foxfire hits the shadow imp.
The shadow imp is lightly wounded.
The foxfire hits the orc priest.
The orc priest is lightly wounded.
The shadow imp gestures at you. Pain shoots through your body!
You enter the shallow water.
Moving in this stuff is going to be slow.
The orc priest looks encouraged for a moment.
The shadow imp gestures at you. Pain shoots through your body!
You open the door.
The orc priest invokes the aid of Beogh against you.
Pain shoots through your body!
* * * LOW HITPOINT WARNING * * *
The shadow imp gestures at you. Pain shoots through your body!
You die...

###$.....# .........######
#............ #...#...#####
# #.....©.....#.#
#.#########.#.#
#.#8P$©$P8#...#
#.#≈..[..≈#.###
#.####@####.# #
#.#o≈...≈5#.# .# #
#.#5≈...≈5#.###.#
#.###.#5≈P≈≈≈.#.....#
#.#.....#.≈≈♣P≈.#.....###
.##.......#.≈≈≈≈≈.#..).....
#.########.#.≈...≈.#.###.###
#.# #.....#.≈...≈.#.# ...
#.# #.###.####'####.# .##


You could see an orc priest and 4 shadow imps.

Vanquished Creatures
  Natasha (thrice) (D:2)
  4 adders (D:2)
  An ooze (D:2)
  3 leopard geckos
  8 bats
  A giant cockroach (D:2)
  7 goblins
  9 hobgoblins
  3 frilled lizards
  10 kobolds
  5 rats
54 creatures vanquished.

Vanquished Creatures (others)
  150 foxfires
150 creatures vanquished.

Grand Total: 204 creatures vanquished

Notes
Turn   | Place    | Note
-------+----------+-------------------------------------------
     0 | D:1      | graki42 the Deep Elf Fire Elementalist began the quest for
                  | the Orb.
     0 | D:1      | Reached XP level 1. HP: 10/10 MP: 6/6
   186 | D:1      | Reached XP level 2. HP: 15/15 MP: 5/8
   804 | D:2      | Reached XP level 3. HP: 19/19 MP: 2/9
   981 | D:2      | Noticed Natasha
   985 | D:2      | Killed Natasha
   985 | D:2      | Reached XP level 4. HP: 12/24 MP: 4/11
  1172 | D:2      | Noticed Natasha
  1179 | D:2      | Killed Natasha
  1249 | D:2      | Learned a level 3 spell: Conjure Flame
  1253 | D:2      | Learned a level 3 spell: Inner Flame
  1258 | D:2      | Found a glowing silver altar of Zin.
  1259 | D:2      | Found a glowing golden altar of the Shining One.
  1375 | D:2      | Found a hazy altar of Hepliaklqana.
  1376 | D:2      | Found a shimmering altar of Xom.
  1377 | D:2      | Noticed a spectral ugly thing
  1497 | D:2      | Found a stormy altar of Qazlal.
  1497 | D:2      | Noticed Natasha
  1521 | D:2      | Killed Natasha
  1521 | D:2      | Reached XP level 5. HP: 28/28 MP: 5/13
  1843 | D:3      | Learned a level 4 spell: Sticky Flame
  1857 | D:3      | Found a transporter.
  1883 | D:3      | Found a transporter.
  1945 | D:3      | Killed from afar by a shadow imp

Illustrated notes

Levels and vault maps discovered:
D:1:      minmay_arrival_floating_metal, layout_basic
D:2:      layout_rooms, regret_index_temple_of_mockery, grunt_qazlal_clouds,
          nicolae_overflow_hidden_temple, uniq_natasha
D:3:      gammafunk_wand_slinger, layout_loops_ring, uniq_jessica, uniq_terence

Skill      XL: |  1  2  3  4 |
---------------+-------------+-----
Fire Magic     | 4 |  4.5
Stealth        | 3 |  3.0
Dodging        | 3 |  3.0
Conjurations   | 2 3 |  3.3
Spellcasting   | 4 |  4.1
Hexes          | |  0.9

Action                   |  1- 3 |  4- 6 || total
-------------------------+-------+-------++-------
Melee: Dagger            |     1 |     2 ||     3
 Cast: Foxfire           |    41 |    47 ||    88
 Stab: Sleeping          |     1 |     1 ||     2
Armor: Robe              |     1 |     1 ||     2
Dodge: Dodged            |     5 |     7 ||    12

Table legend: (Time is in decaauts)
 A = Elapsed time spent in this place.
 B = Non-inter-level travel time spent in this place.
 C = Inter-level travel time spent in this place.
 D = Time resting spent in this place.
 E = Time spent auto-exploring this place.
 F = Levels seen in this place.
 G = Mean time per level.
                   A        B        C        D        E       F      G
               +--------+--------+--------+--------+--------+-----+--------+
         Total |   1971 |   1935 |     36 |    248 |   1344 |   3 |  657.0 |
       Dungeon |   1971 |   1935 |     36 |    248 |   1344 |   3 |  657.0 |
               +--------+--------+--------+--------+--------+-----+--------+

Top non-repeatable levels by time:
     D:1: 895 daAuts
     D:2: 874 daAuts
     D:3: 201 daAuts
